 Dungeon Crawl Stone Soup version 0.18.0-1-g0107ab7 (webtiles) character file.

170 juanjsm the Sneak (level 5, -1/24 HPs)
             Began as a Spriggan Venom Mage on May 5, 2016.
             Slain by a gnoll
             ... wielding a +0 spear
              (7 damage)
             ... on level 4 of the Dungeon.
             The game lasted 00:15:57 (2895 turns).

juanjsm the Sneak (Spriggan Venom Mage)             Turns: 2895, Time: 00:15:58

Health: -1/24      AC:  3    Str:  4    XL:     5   Next: 25%
Magic:  6/11       EV: 19    Int: 18    God:
Gold:   150        SH:  0    Dex: 16    Spells: 4 memorised, 1 level left

rFire  . . .     SeeInvis +     s - +0 dagger (freeze)
rCold  . . .     Gourm    .     r - +0 robe (curse)
rNeg   . . .     Faith    .     (shield restricted)
rPois  .         Spirit   .     (helmet restricted)
rElec  .         Dismiss  .     n - +0 cloak
rCorr  .         Reflect  .     (gloves unavailable)
SustAt .         Harm     .     (boots unavailable)
MR     +....                    (no amulet)
Stlth  ++++......               u - ring of protection from magic
                                e - ring of stealth

@: very slightly contaminated, very quick, somewhat resistant to hostile
enchantments, stealthy
A: unfitting armour, see invisible, herbivore 3, speed 3, slow metabolism 2
a: no special abilities


You were on level 4 of the Dungeon.
You were not hungry.

You visited 1 branch of the dungeon, and saw 5 of its levels.

You collected 150 gold pieces.

Inventory:

Hand Weapons
 k - a +3 whip of venom
 s - a +0 dagger of freezing (weapon)
Missiles
 q - 86 stones (quivered)
Armour
 a - a +0 robe
 n - a +0 cloak (worn)
 r - a cursed +0 robe (worn)
Jewellery
 e - a ring of stealth (left hand)
 j - an uncursed ring of stealth
 u - a ring of protection from magic (right hand)
 x - an uncursed ring of protection from magic
Scrolls
 d - 3 scrolls of remove curse {unknown}
 f - 5 scrolls of identify {unknown}
 g - 2 scrolls of teleportation {unknown}
 o - a scroll of enchant weapon {unknown}
 p - a scroll of immolation {unknown}
Potions
 h - 2 potions of cure mutation {unknown}
 i - a potion of curing {unknown}
 l - a potion of might {unknown}
 m - a potion of haste {unknown}
 t - a potion of lignification {unknown}
 v - a potion of heal wounds {unknown}
 w - a potion of agility {unknown}
Books
 b - a Young Poisoner's Handbook

   Spells                             Type                      Level
   a - Sting                          Conjuration/Poison           1
   b - Cure Poison                    Poison                       2
   c - Mephitic Cloud                 Conjuration/Poison/Air       3
   d - Olgreb's Toxic Radiance        Poison                       4
   e - Venom Bolt                     Conjuration/Poison           5
Comestibles
 c - 3 bread rations


   Skills:
 + Level 4.0 Dodging
 + Level 5.3 Stealth
 + Level 3.6 Spellcasting
 + Level 1.0 Conjurations
 + Level 4.8 Poison Magic


You had one spell level left.
You knew the following spells:

 Your Spells              Type           Power        Failure   Level  Hunger
a - Sting                 Conj/Pois      ##..         6%          1    None
b - Cure Poison           Pois           ###.......   3%          2    ##.....
c - Mephitic Cloud        Conj/Pois/Air  ##......     24%         3    ###....
d - Olgreb's Toxic Radia  Pois           ###.....     24%         4    ####...


Dungeon Overview and Level Annotations

Branches:
Dungeon (5/15)
 Temple: D:4-7

Altars:
Ashenzari
The Shining One

Annotations:
D:4 Pikel


Innate Abilities, Weirdness & Mutations

You are tiny and cannot use many weapons and most armour.
You have supernaturally acute eyesight.
You are a herbivore.
You cover ground extremely quickly.
You need consume almost no food.


Message History

Confirm with . or Enter, or press ? or * to list all spells.
Aiming: Sting
Press: ? - help, Shift-Dir - straight line, f/p - hound
Aim: a hound (moderately wounded, poisoned)
The sting misses the hound.
The sting hits the gnoll.
The gnoll is heavily wounded.
The gnoll barely misses you. The hound barely misses you.
Casting: Sting
Confirm with . or Enter, or press ? or * to list all spells.
Aiming: Sting
Press: ? - help, Shift-Dir - straight line, f/p - hound
Aim: a hound (heavily wounded, poisoned)
You miscast Sting.
You are very lightly contaminated with residual magic.
You are momentarily dazzled by a flash of light!
The hound completely misses you.
The hound looks more healthy.
The hound bites you.
* * * LOW HITPOINT WARNING * * *
The gnoll hits you from afar with a spear!
You die...

#.......#.......#
#.........#####.#
#..####...#####.#
####.<#..........#.#
####.##..#.##...#...#.#
#......................
####..#..#########.......#
#......gh.# #........
#.#.###.#@# ###...#.#
#.........##########.>....
#.#.###.#.##......##.###.#
#.#?#.#..#......##. ##.#
#.###.#.........## #..#
.......).##......## #.##
#.#.###.#..#......##.##.##
#... .............##...<..
###..[....####.#######.##


You could see a hound and a gnoll.

Vanquished Creatures
  Terence (D:2)
  Robin (D:4)
  6 adders
  2 worms (D:2)
  A giant gecko (D:2)
  2 orcs
  4 ball pythons
  6 giant cockroaches
  12 goblins
  6 hobgoblins
  6 jackals (D:3)
  2 quokkas (D:3)
  8 bats
  4 giant newts
  A jackal skeleton (D:4)
  2 kobolds (D:2)
  6 rats
70 creatures vanquished.

Notes
Turn   | Place    | Note
--------------------------------------------------------------
     0 | D:1      | juanjsm the Spriggan Venom Mage began the quest for the Orb.
     0 | D:1      | Reached XP level 1. HP: 9/9 MP: 5/5
   189 | D:1      | Reached XP level 2. HP: 13/13 MP: 1/7
   193 | D:1      | Learned a level 2 spell: Cure Poison
   319 | D:1      | Found a shattered altar of Ashenzari.
   706 | D:2      | Reached XP level 3. HP: 16/16 MP: 2/8
   711 | D:2      | Learned a level 3 spell: Mephitic Cloud
   851 | D:2      | Noticed Terence
  1344 | D:2      | Found a glowing golden altar of the Shining One.
  1361 | D:2      | Reached skill level 4 in Stealth
  1361 | D:2      | Reached XP level 4. HP: 17/21 MP: 4/9
  1476 | D:2      | Killed Terence
  2325 | D:3      | Reached skill level 1 in Conjurations
  2325 | D:3      | Reached XP level 5. HP: 23/24 MP: 8/11
  2331 | D:3      | Learned a level 4 spell: Olgreb's Toxic Radiance
  2356 | D:3      | Found a shattered altar of Ashenzari.
  2564 | D:4      | Reached skill level 5 in Stealth
  2645 | D:4      | Noticed Robin
  2703 | D:5      | Entered Level 5 of the Dungeon
  2746 | D:4      | Killed Robin
  2806 | D:4      | Noticed a slave
  2806 | D:4      | Noticed a slave
  2809 | D:4      | Noticed Pikel
  2895 | D:4      | Slain by a gnoll

Skill      XL: |  1  2  3  4  5 |
---------------+----------------+-----
Spellcasting   | 3 |  3.6
Stealth        | 4 5 |  5.3
Dodging        | 4 |  4.0
Conjurations   | 1 |  1.0
Poison Magic   | |  4.8

Action                   |  1- 3 |  4- 6 || total
-------------------------+-------+-------++-------
Melee: Unarmed           |     6 |       ||     6
       Dagger            |    32 |    58 ||    90
 Cast: Sting             |    54 |    38 ||    92
       Mephitic Cloud    |       |     5 ||     5
 Stab: Sleeping          |    15 |    11 ||    26
       Confused          |       |     3 ||     3
Armor: Robe              |     4 |     5 ||     9
Dodge: Dodged            |    46 |    42 ||    88
